 Dungeon Crawl Stone Soup version bcrawl-1.12.2 (webtiles) character file.

Game seed: 16092838542787603685

276 RedPan the Insei (level 6, -3/47 HPs)
             Began as a Demonspawn Monk on July 18, 2019.
             Killed by divine providence
             ... invoked by an orc priest
              (11 damage)
             ... on level 4 of the Dungeon.
             The game lasted 00:05:35 (2562 turns).

RedPan the Insei (Demonspawn Monk)                  Turns: 2562, Time: 00:05:36

Health: -3/47      AC:  5    Str: 11    XL:     6   Next: 4%
Magic:  0/8        EV: 18    Int: 14    God:
Gold:   256        SH:  0    Dex: 15    Spells: 5/5 levels left

rFire    . . .     SeeInvis .   v - +5 quarterstaff (chaos)
rCold    . . .     Gourm    .   (shield currently unavailable)
rNeg     . . .     Faith    .   a - +0 robe
rPois    .         Spirit   +   b - +0 hat
rElec    .         Reflect  .   w - +0 cloak
rCorr    .         Harm     .   j - +1 pair of gloves
MR       .....                  (no boots)
Stlth    ++........             c - amulet of guardian spirit
HPRegen  0.15/turn              f - +4 ring of evasion
MPRegen  0.11/turn              m - ring of wizardry

@: lethally poisoned (-3 -> -4)
A: talons 1, sturdy frame 2
a: no special abilities


You were on level 4 of the Dungeon.
You were hungry.

You visited 1 branch of the dungeon, and saw 4 of its levels.

You collected 256 gold pieces.

Inventory:

Hand Weapons
 v - a +5 quarterstaff of chaos (weapon)
Armour
 a - a +0 robe (worn)
 b - a +0 hat (worn)
 j - a +1 pair of gloves (worn)
 w - a +0 cloak (worn)
Jewellery
 c - an amulet of guardian spirit (around neck)
 f - a +4 ring of evasion (left hand)
 m - a ring of wizardry (right hand)
 z - a +2 ring of protection {unknown}
 A - an uncursed ring of wizardry
Scrolls
 u - 2 scrolls of teleportation {unknown}
 x - a scroll of immolation {unknown}
 y - a scroll of enchant weapon
 B - a scroll of magic mapping
Potions
 e - 2 potions of ambrosia
 g - a potion of agility {unknown}
 h - a potion of berserk rage {unknown}
 i - 2 potions of haste
 k - 4 potions of brilliance
 n - a potion of mutation {unknown}
 o - a potion of might {unknown}
 p - a potion of degeneration {unknown}
 r - 2 potions of flight {unknown}
 s - 2 potions of lignification {unknown}
 t - 2 potions of heal wounds {unknown}
Comestibles
 d - 8 rations {!d}


   Skills:
 - Level 3.0 Fighting
 + Level 4.1 Dodging
 - Level 2.0 Stealth
 * Level 5.3 Unarmed Combat
   Level 2.6 Invocations


You had 5 spell levels left.
You didn't know any spells.
Your spell library contained the following spells:

 Spells                   Type           Power        Failure   Level  Hunger
 Corona                   Hex            #......      12%         1    ##.....
 Ensorcelled Hibernation  Hex/Ice        #.....       17%         2    ###....
 Confuse                  Hex            #.......     32%         3    ####...
 Dazzling Spray           Conj/Hex       #.....       32%         3    ####...
 Tukima's Dance           Hex            #.......     32%         3    ####...


Dungeon Overview and Level Annotations

Branches:
Dungeon (4/12)
 Temple: D:4-7

Altars:
Elyvilon
Uskayaw

Annotations:
D:4 Grinder


Innate Abilities, Weirdness & Mutations

You have sharp toenails.
Your movements are less encumbered by armour. (ER -4)


Message History

The adder misses you. The adder bites you but does no damage.
The orc priest hits you but does no damage.
The orc completely misses you. The adder closely misses you.
You closely miss the adder. You claw the adder.
The adder is almost dead.
You feel sick. The adder bites you but does no damage.
The adder completely misses you. The orc priest closely misses you.
The orc hits you from afar with a +0 trident!
* * * LOW HITPOINT WARNING * * *
The adder bites you but does no damage.
You thump the adder!
You kill the adder!
The adder closely misses you. The orc closely misses you.
The orc priest hits you with a +0 mace.
* * * LOW HITPOINT WARNING * * *
The adder bites you but does no damage.
You feel sick. The orc completely misses you.
The orc priest mumbles some strange prayers to Beogh against you.
Beogh smites you!
You die...

# ###################.
####S.@o...............
≈≈≈≈≈≈..o.#######.######.
######....<# #.# .
#......# #.# $ #......#
#.# . ###.##.# #.# .
#.##.# #.# 5 #.##.# #.# .
.. #.# #..


You could see an orc priest, an adder and an orc.

Vanquished Creatures
  A howler monkey (D:4)
  A crimson imp (D:2)
  A hound (D:3)
  Crazy Yiuf (D:2)
  3 adders
  3 gnolls (D:3)
  An ooze (D:3)
  2 worms
  4 dart slugs
  A leopard gecko (D:1)
  4 orcs
  A ball python (D:1)
  4 giant cockroaches
  4 goblins
  8 hobgoblins
  6 jackals
  8 kobolds
  A quokka (D:2)
  7 bats
  4 frilled lizards
  12 rats
77 creatures vanquished.

Notes
Turn   | Place    | Note
-------+----------+-------------------------------------------
     0 | D:1      | RedPan the Demonspawn Monk began the quest for the Orb.
     0 | D:1      | Reached XP level 1. HP: 18/18 MP: 2/2
   360 | D:1      | Reached skill level 3 in Unarmed Combat
   369 | D:1      | Gained mutation: Your movements are slightly less
                  | encumbered by armour. (ER -2) [demonic ancestry]
   369 | D:1      | Reached XP level 2. HP: 17/24 MP: 4/4
   756 | D:1      | Reached XP level 3. HP: 26/29 MP: 3/5
  1125 | D:2      | Reached skill level 4 in Unarmed Combat
  1125 | D:2      | Gained mutation: You have sharp toenails. [demonic
                  | ancestry]
  1125 | D:2      | Reached XP level 4. HP: 35/35 MP: 6/6
  1184 | D:2      | Found a white marble altar of Elyvilon.
  1493 | D:2      | Found a runed door.
  1692 | D:2      | Noticed Crazy Yiuf
  1701 | D:2      | Killed Crazy Yiuf
  1902 | D:3      | Reached XP level 5. HP: 34/41 MP: 5/7
  2213 | D:3      | Found a hide-covered altar of Uskayaw.
  2366 | D:3      | Reached skill level 5 in Unarmed Combat
  2537 | D:4      | Noticed Grinder
  2558 | D:4      | Gained mutation: Your movements are less encumbered by
                  | armour. (ER -4) [demonic ancestry]
  2558 | D:4      | Reached XP level 6. HP: 22/47 MP: 4/8
  2562 | D:4      | Killed from afar by an orc priest

Skill      XL: |  1  2  3  4  5 |
---------------+----------------+-----
Unarmed Combat | 3 4 5 |  5.3
Dodging        | 3 4 |  4.1
Fighting       | |  3.0
Stealth        | |  2.0
Invocations    | |  2.6

Action                   |  1- 3 |  4- 6 || total
-------------------------+-------+-------++-------
Melee: Unarmed           |   137 |    66 ||   203
       Kick              |       |    24 ||    24
       Quarterstaff      |       |    63 ||    63
       Punch             |       |     1 ||     1
  Use: Scroll            |     3 |     3 ||     6
 Stab: Sleeping          |     5 |     2 ||     7
  Eat: Chunk             |       |     5 ||     5
Armor: Robe              |    23 |    24 ||    47
Dodge: Dodged            |    90 |   135 ||   225
